 Dungeon Crawl Stone Soup version 0.17.0-23-g0de4337 (webtiles) character file.

63455 razzle the Severer (level 14, -10/205 HPs)
             Began as a Minotaur Berserker on Nov 13, 2015.
             Was a High Priest of Trog.
             Mangled by a stone giant (25 damage)
             ... on level 3 of the Orcish Mines on Nov 14, 2015.
             The game lasted 00:44:45 (26202 turns).

razzle the Severer (Minotaur Berserker)            Turns: 26202, Time: 00:44:45

Health: -10/205    AC: 20    Str: 28    XL:     14   Next: 68%
Magic:  13/13      EV: 10    Int:  4    God:    Trog [*****.]
Gold:   1625       SH:  0    Dex: 14    Spells: 0 memorised, 13 levels left

rFire  + . .     SeeInvis .     N - +4 battleaxe (freeze)
rCold  . . .     Clarity  .     L - +0 storm dragon armour
rNeg   . . .     SustAt   .     (shield currently unavailable)
rPois  .         Gourm    .     o - +1 hat
rElec  +         Spirit   .     r - +0 cloak
rCorr  .         Warding  .     (no gloves)
rMut   .         Stasis   .     (no boots)
MR     +....                    (no amulet)
Stlth  ..........               (no ring)
                                I - ring of protection from fire

@: berserking, slowed, drained, somewhat resistant to hostile enchantments,
extremely unstealthy
A: retaliatory headbutt, horns 2
a: Berserk, Trog's Hand, Brothers in Arms, Burn Spellbooks, Renounce Religion


You were on level 3 of the Orcish Mines.
You worshipped Trog.
Trog was extremely pleased with you.
You were very hungry.

You visited 3 branches of the dungeon, and saw 22 of its levels.

You collected 1625 gold pieces.

Inventory:

Hand Weapons
 v - the +4 hand axe of Terror {venom, +Fly MR++ Str-3 SInv}
   (You found it on level 6 of the Lair of Beasts)

   It poisons the flesh of those it strikes.
   It affects your strength (-3).
   It affects your resistance to hostile enchantments.
   It lets you see invisible.
   It lets you fly.
 G - the +1 dire flail of the Evil Eye {drain, rC+ rN+++ MR- Str-3}
   (You found it on level 6 of the Lair of Beasts)

   A truly terrible weapon, it drains the life of those it strikes.
   It affects your strength (-3).
   It protects you from cold.
   It renders you almost immune to negative energy.
   It affects your resistance to hostile enchantments.
 N - a +4 battleaxe of freezing (weapon)
Armour
 o - a +1 hat (worn)
 r - a +0 cloak (worn)
 L - a +0 storm dragon armour (worn)
Jewellery
 h - an uncursed amulet of stasis {unknown}
 I - a ring of protection from fire (left hand)
 K - an uncursed ring of see invisible {unknown}
Wands
 i - a wand of magic darts (16)
 m - a wand of fireball (7)
 t - a wand of polymorph (12)
 E - a wand of heal wounds (2)
 M - a wand of teleportation (3)
Scrolls
 e - 4 scrolls of teleportation
 g - 4 scrolls of blinking
 p - 9 scrolls of identify
 q - 5 scrolls of enchant armour
 x - 6 scrolls of remove curse
 y - 2 scrolls of magic mapping
 C - a scroll of recharging {unknown}
 D - 2 scrolls of amnesia {unknown}
 J - a scroll of summoning {unknown}
 P - 2 scrolls of fear
 R - a scroll of enchant weapon
Potions
 b - 4 potions of brilliance
 f - 5 potions of curing
 j - a potion of resistance
 k - 2 potions of ambrosia
 l - a potion of beneficial mutation {unknown}
 n - 2 potions of haste {unknown}
 s - a potion of cure mutation
 u - a potion of lignification {unknown}
 w - 2 potions of might {unknown}
 z - 3 potions of agility
 A - 2 potions of mutation {unknown}
 B - 2 potions of magic {unknown}
 H - 2 potions of degeneration {unknown}
 O - a potion of flight
Comestibles
 a - 8 beef jerkies
 c - 4 bread rations
 d - a meat ration
 F - 9 fruits
 Q - 12 royal jellies


   Skills:
 - Level 16.0(15.7) Fighting
 + Level 18.7(18.4) Axes
 - Level 17.0(16.7) Armour
 - Level 2.1(2.0) Dodging


You had 13 spell levels left.
You didn't know any spells.

Dungeon Overview and Level Annotations

Branches:
Dungeon (12/15)            Temple (0/1) D:4            Lair (8/8) D:11
  Swamp (0/4) Lair:5       Spider (0/4) Lair:4        Slime (0/6) Lair:6
    Orc (3/4) D:12
    Elf: Orc:3-4

Altars:
Fedhas
Kikubaaqudgha
Nemelex Xobeh
Okawaru
Qazlal
Ru
Vehumet
Zin
The Shining One
Jiyva


Innate Abilities, Weirdness & Mutations

You reflexively headbutt those who attack you in melee.
You have a pair of horns on your head.


Message History

You hit the stone giant. You freeze the stone giant.
The stone giant is moderately wounded.
You slash the orc wizard! You freeze the orc wizard.
You feel the power of Trog in you as your rage grows.
You kill the orc wizard!
Trog accepts your kill.
Trog appreciates your killing of a magic user.
The stone giant hits you but does no damage.
The orc warrior closely misses you.
You barely miss the stone giant.
The stone giant is moderately wounded.
You hit the orc. You freeze the orc.
You kill the orc!
Trog accepts your kill.
You slice the orc wizard!! You freeze the orc wizard.
You kill the orc wizard!
Trog accepts your kill.
Trog appreciates your killing of a magic user.
The stone giant hits you!!
You die...

..............##
##..)##.##
#...........######......##
#..........## ##.#.......#
...........#
#....<...>...#
###......###
##.(..........# #.....###
# #.(........... ###...#
#.###............ ##.##
####..(............ #.#
#$...)@......... ##.##
......)C)...#.... #...#
$#.....o..####.. ##.##
.........o# .. ###
........##. #........ ..
###...... ... ##..... ...


You could see a stone giant, an orc warrior and an orc.

Vanquished Creatures
  Maud (Lair:7)
  Josephine (Lair:4)
  4 hydras
  Harold (Lair:3)
  Erolcha (D:11)
  A catoblepas (Lair:8)
  A death yak (Lair:4)
  The ghost of jw the Cleaver, a novice OpBe of Trog (D:8)
  Urug (Lair:2)
  Nergalle (Lair:3)
  3 hill giants
  An orc sorcerer (Orc:3)
  An ugly thing (D:12)
  A griffon (Lair:8)
  A manticore (D:12)
  5 black mambas
  12 elephants
  A torpor snail (Lair:8)
  A fire drake (Lair:7)
  7 komodo dragons
  16 spiny frogs
  A two-headed ogre (D:12)
  8 polar bears
  5 trolls
  A giant leech (Lair:5)
  A jumping spider (Lair:4)
  22 blink frogs
  2 raiju (Lair:8)
  A water elemental (D:12)
  2 hungry ghosts
  A deep elf mage (D:10)
  3 basilisks
  5 wraiths
  42 yaks
  3 fire bats (Lair:5)
  10 wolves
  3 hell hounds (Lair:8)
  5 hippogriffs
  2 swamp worms (Lair:5)
  7 wargs (Lair:8)
  17 water moccasins
  2 soldier ants
  4 ice beasts
  11 orc warriors
  14 porcupines
  A phantom (D:7)
  2 sky beasts
  13 black bears
  7 centaurs
  8 ogres
  A necrophage (D:10)
  19 crocodiles
  5 big kobolds
  16 giant frogs
  A wyvern zombie (D:12)
  3 wyvern skeletons
  3 scorpions
  6 crimson imps
  2 giant frog zombies
  A gnoll shaman (D:7)
  12 orc priests
  9 jellies
  19 hounds
  A giant frog skeleton (D:7)
  3 centaur skeletons
  Terence (D:2)
  14 iguanas
  25 orc wizards
  A killer bee zombie (D:9)
  7 worker ants
  11 sheep
  2 hound zombies (D:9)
  A worker ant zombie (D:7)
  13 gnolls
  11 adders
  38 river rats
  A shadow imp (D:8)
  4 oozes
  An adder skeleton (D:5)
  5 giant geckos
  95 orcs
  10 bats
  5 giant cockroaches
  10 hobgoblins
  36 kobolds
  7 quokkas
  A ball python (D:3)
  A giant gecko skeleton (D:7)
  5 giant newts
  8 goblins
  13 jackals
  A jackal skeleton (D:4)
  2 quokka skeletons (D:7)
  7 rats
702 creatures vanquished.

Vanquished Creatures (collateral kills)
  Fannar (Lair:2)
  2 hydras (Lair:8)
  A death yak (Lair:4)
  2 spiny frogs (Lair:8)
  9 elephants
  2 polar bears (Lair:8)
  3 blink frogs (Lair:8)
  A raiju (Lair:8)
  A basilisk (Lair:8)
  An orc warrior (Orc:2)
  A crocodile (Lair:8)
  An orc priest (Orc:2)
  An orc wizard (Orc:2)
  An iguana (Lair:3)
  3 river rats (Lair:8)
  2 orcs (Orc:2)
  2 plants (Lair:8)
34 creatures vanquished.

Vanquished Creatures (others)
  3 orcs (Orc:3)
  15 fungi
  15 plants
33 creatures vanquished.

Grand Total: 769 creatures vanquished

Notes
Turn   | Place    | Note
--------------------------------------------------------------
     0 | D:1      | razzle the Minotaur Berserker began the quest for the Orb.
     0 | D:1      | Reached XP level 1. HP: 19/19 MP: 0/0
   343 | D:1      | Reached skill level 4 in Fighting
   348 | D:1      | Reached XP level 2. HP: 27/27 MP: 1/1
   716 | D:1      | Reached ** piety under Trog
   849 | D:1      | Reached XP level 3. HP: 35/35 MP: 2/2
   957 | D:2      | Reached skill level 5 in Fighting
  1350 | D:2      | Found a stormy altar of Qazlal.
  1411 | D:2      | Reached XP level 4. HP: 38/42 MP: 3/3
  1551 | D:2      | Noticed Terence
  1559 | D:2      | Killed Terence
  1673 | D:3      | Reached skill level 6 in Fighting
  1678 | D:3      | Reached XP level 5. HP: 27/51 MP: 4/4
  1679 | D:3      | Reached *** piety under Trog
  2052 | D:3      | Found a sparkling altar of Nemelex Xobeh.
  2119 | D:3      | Found a glowing golden altar of the Shining One.
  2357 | D:4      | Reached skill level 7 in Fighting
  2357 | D:4      | Reached skill level 5 in Axes
  2461 | D:4      | Reached XP level 6. HP: 60/60 MP: 5/5
  2627 | D:4      | Found a staircase to the Ecumenical Temple.
  2999 | D:4      | Reached **** piety under Trog
  3077 | D:4      | Reached skill level 8 in Fighting
  3088 | D:4      | Found a glowing silver altar of Zin.
  3415 | D:5      | Entered Level 5 of the Dungeon
  3420 | D:5      | Found a viscous altar of Jiyva.
  3428 | D:5      | Reached XP level 7. HP: 22/69 MP: 6/6
  3945 | D:5      | Reached skill level 9 in Fighting
  4046 | D:5      | You fall through a shaft for 2 floors!
  4410 | D:7      | Reached skill level 10 in Fighting
  4410 | D:7      | Reached XP level 8. HP: 49/79 MP: 7/7
  5022 | D:7      | Reached skill level 11 in Fighting
  5033 | D:7      | Reached ***** piety under Trog
  5162 | D:7      | Found a radiant altar of Vehumet.
  5565 | D:8      | Noticed jw's ghost (novice OpBe)
  5578 | D:8      | Killed jw's ghost
  5578 | D:8      | Reached skill level 12 in Fighting
  5578 | D:8      | Reached XP level 9. HP: 68/91 MP: 8/8
  5849 | D:8      | Found a blossoming altar of Fedhas.
  5990 | D:8      | Reached skill level 13 in Fighting
  6824 | D:8      | Received a gift from Trog
  7116 | D:9      | Reached skill level 10 in Axes
  7143 | D:9      | Reached skill level 5 in Armour
  7233 | D:9      | Found a sacrificial altar of Ru.
  7603 | D:10     | Entered Level 10 of the Dungeon
  7638 | D:10     | Reached XP level 10. HP: 101/101 MP: 9/9
  8402 | D:11     | Noticed an elephant
  8414 | D:11     | Found a staircase to the Lair.
  8420 | D:11     | Killed an elephant
  8420 | D:11     | Received a gift from Trog
  8504 | D:11     | Noticed Erolcha
  8521 | D:11     | Killed Erolcha
  8978 | Lair:1   | Entered Level 1 of the Lair of Beasts
  9020 | Lair:1   | HP: 5/101 [komodo dragon (22)]
  9843 | D:11     | Found a stormy altar of Qazlal.
  9907 | D:11     | Reached skill level 10 in Armour
 10255 | D:11     | Noticed a hill giant
 10264 | D:11     | Killed a hill giant
 10264 | D:11     | Reached XP level 11. HP: 107/107 MP: 10/10
 11460 | Lair:2   | Noticed Urug
 11482 | Lair:2   | Killed Urug
 11925 | Lair:2   | Noticed Fannar
 11947 | Lair:2   | Killed Fannar
 11947 | Lair:2   | Reached skill level 14 in Fighting
 12938 | Lair:3   | Noticed a four-headed hydra
 12946 | Lair:3   | Killed a six-headed hydra
 12980 | Lair:3   | Noticed Nergalle
 12996 | Lair:3   | Noticed a spectral orc warlord
 13060 | Lair:3   | Killed Nergalle
 13683 | Lair:3   | Reached XP level 12. HP: 118/118 MP: 11/11
 15014 | Lair:3   | Noticed Harold
 15027 | Lair:3   | Killed Harold
 15106 | Lair:3   | Reached skill level 15 in Fighting
 15112 | Lair:3   | Reached skill level 15 in Armour
 15410 | Lair:4   | Noticed Josephine
 15487 | Lair:4   | Killed Josephine
 15945 | Lair:4   | Reached skill level 16 in Armour
 16228 | Lair:4   | Received a gift from Trog
 16587 | Lair:4   | Found a hole to the Spider Nest.
 16816 | Lair:4   | Reached XP level 13. HP: 92/128 MP: 12/12
 17452 | Lair:5   | Found a staircase to the Swamp.
 18532 | Lair:5   | Noticed a seven-headed hydra
 18544 | Lair:5   | Killed a seven-headed hydra
 18544 | Lair:5   | Reached skill level 17 in Armour
 19236 | Lair:6   | Got a steaming dire flail
 19237 | Lair:6   | Identified the cursed +1 dire flail of the Evil Eye {drain, rC+ rN+++ MR- Str-3} (You found it on level 6 of the Lair of Beasts)
 19276 | Lair:6   | Found a viscous altar of Jiyva.
 19279 | Lair:6   | Found a staircase to the Slime Pits.
 19466 | Lair:6   | Found an iron altar of Okawaru.
 19766 | Lair:6   | Got an ichor-stained hand axe
 20345 | Lair:7   | Noticed Maud
 20356 | Lair:7   | Killed Maud
 21116 | Lair:8   | Entered Level 8 of the Lair of Beasts
 21126 | Lair:8   | Reached skill level 15 in Axes
 21206 | Lair:7   | Received a gift from Trog
 21844 | Lair:8   | Identified the +4 hand axe of Terror {venom, +Fly MR++ Str-3 SInv} (You found it on level 6 of the Lair of Beasts)
 21872 | Lair:8   | Reached XP level 14. HP: 137/137 MP: 13/13
 22468 | Lair:8   | Received a gift from Trog
 22570 | Lair:8   | Reached ****** piety under Trog
 22791 | Lair:8   | Received a gift from Trog
 23742 | Lair:1   | Noticed a four-headed hydra
 23748 | Lair:1   | Killed a four-headed hydra
 24030 | D:12     | Found an ancient bone altar of Kikubaaqudgha.
 24461 | D:12     | Reached skill level 18 in Axes
 24572 | D:12     | Received a gift from Trog
 25220 | D:12     | Found a staircase to the Orcish Mines.
 25254 | Orc:1    | Entered Level 1 of the Orcish Mines
 26202 | Orc:3    | Mangled by a stone giant

Action                   |  1- 3 |  4- 6 |  7- 9 | 10-12 | 13-15 || total
-------------------------+-------+-------+-------+-------+-------++-------
Melee: Hand axe          |    66 |   120 |   288 |   412 |       ||   886
       War axe           |       |       |    61 |       |       ||    61
       Flail             |       |       |       |   317 |   178 ||   495
       Dire flail        |       |       |       |       |   658 ||   658
       Battleaxe         |       |       |       |       |    51 ||    51
Invok: Berserk           |     2 |     3 |     6 |    25 |    23 ||    59
       Trog's Hand       |     1 |       |       |     3 |     1 ||     5
       Brothers in Arms  |       |       |       |     3 |     8 ||    11
       Burn Spellbooks   |       |       |       |       |     2 ||     2
  Use: Scroll            |       |       |     8 |     9 |     3 ||    20
       Potion            |       |       |       |     9 |     1 ||    10
 Stab: Distracted        |       |       |       |       |     1 ||     1
  Eat: Chunk             |     4 |     6 |    11 |    28 |    26 ||    75
       Royal jelly       |       |     1 |       |       |       ||     1
       Pizza             |       |       |     1 |     1 |       ||     2
       Meat ration       |       |       |     2 |     2 |     1 ||     5
       Bread ration      |       |       |     1 |     4 |     4 ||     9
       Beef jerky        |       |       |       |     1 |     1 ||     2
       Fruit             |       |       |       |       |     4 ||     4
